 Dungeon Sprint DCSS version 0.26-a0-835-g8259106e14 (webtiles) character file.

Game seed: 7842314224304712124

4966 rocky1 the Frost Mage (level 10, -9/63 HPs)
             Began as a Deep Elf Ice Elementalist on Nov 18, 2020.
             Was a High Priest of Sif Muna.
             Mangled by a vampire knight
             ... wielding a +0 war axe
              (26 damage)
             ... while paralysed by a vampire knight
             ... in the Dungeon (Sprint VII: "The Pits").
             The game lasted 00:14:40 (2413 turns).

rocky1 the Frost Mage (Deep Elf Ice Elementalist)   Turns: 2413, Time: 00:14:42

Health: -9/63      AC: 14    Str:  5    XL:     10   Next: 28%
Magic:  28/28      EV:  2    Int: 24    God:    Sif Muna [*****.]
Gold:   0          SH:  0    Dex: 15    Spells: 16/33 levels left

rFire    . . .     SeeInvis .   m - +1 quarterstaff (speed)
rCold    . . .     Faith    .   (shield currently unavailable)
rNeg     . . .     Spirit   .   r - +0 acid dragon scales
rPois    .         Reflect  .   (no helmet)
rElec    .         Harm     .   (no cloak)
rCorr    +         Rampage  .   (no gloves)
MR       +....     NoTele   +   q - +0 pair of boots
Stlth    ++........             (no amulet)
HPRegen  0.20/turn              (no ring)
MPRegen  0.21/turn              (no ring)

@: paralysed, icy armour, frozen ramparts
A: no striking features
a: Channel Magic, Forget Spell, Divine Exegesis, Renounce Religion


You were in the Dungeon.
You worshipped Sif Muna.
Sif Muna was extremely pleased with you.
You visited 1 branch

Inventory:

Hand Weapons
 m - a +1 quarterstaff of speed (weapon)
 p - a +4 spectral quarterstaff
Armour
 a - a +0 robe
 q - a +0 pair of boots (worn)
 r - +0 acid dragon scales (worn)
Jewellery
 b - a +3 ring of dexterity
 e - a +3 ring of intelligence
Scrolls
 h - a scroll of blinking
 j - 3 scrolls of remove curse
 k - 5 scrolls of amnesia
 l - a scroll of summoning
Potions
 c - 6 potions of curing
 d - 5 potions of heal wounds
 f - 4 potions of magic
 g - 5 potions of brilliance
 i - 2 potions of invisibility
 n - 2 potions of resistance
 o - a potion of berserk rage


   Skills:
 + Level 7.0 Fighting
 + Level 8.4 Staves
 + Level 11.2 Dodging
 - Level 2.4 Stealth
 - Level 12.1 Spellcasting
 + Level 8.2 Conjurations
 + Level 12.4 Ice Magic
 + Level 7.1 Air Magic
 + Level 9.7 Invocations


You had 16 spell levels left.
You knew the following spells:

 Your Spells              Type           Power        Failure   Level
a - Freeze                Ice            ####         1%          1
b - Frozen Ramparts       Ice            ######       1%          3
c - Ozocubu's Armour      Ice            ######..     1%          3
d - Hailstorm             Conj/Ice       ######..     1%          4
e - Freezing Cloud        Conj/Ice/Air   ######....   32%         6

Your spell library contained the following spells:

 Spells                   Type           Power        Failure   Level
 Ensorcelled Hibernation  Hex/Ice        #####.       1%          2
 Poisonous Vapours        Pois/Air       ####..       3%          2
 Mephitic Cloud           Conj/Pois/Air  #####...     3%          3
 Ice Form                 Ice/Tmut       #####...     8%          4
 Summon Ice Beast         Ice/Summ       #####...     8%          4
 Iskenderun's Battlesphe  Conj           ######..     9%          5
 Ozocubu's Refrigeration  Ice            ######....   9%          6
 Sting                    Tmut/Pois      ##..         10%         1
 Metabolic Englaciation   Hex/Ice        #####.....   21%         5
 Confusing Touch          Hex            ##......     28%         3
 Gell's Gravitas          Tloc           ##........   28%         3
 Inner Flame              Hex/Fire       ##......     28%         3
 Lesser Beckoning         Tloc           ##........   28%         3
 Portal Projectile        Hex/Tloc       ##....       28%         3
 Teleport Other           Tloc           ##......     28%         3
 Silence                  Hex/Air        ####......   52%         5
 Petrify                  Tmut/Erth      ##......     67%         4
 Simulacrum               Ice/Necr       #####.....   75%         6
 Alistair's Intoxication  Tmut/Pois      ##.......    95%         5
 Summon Mana Viper        Hex/Summ       ##......     95%         5
 Yara's Violent Unravell  Hex/Tmut       ##........   95%         5
 Malign Gateway           Summ/Tloc      ##........   100%        7
 Absolute Zero            Ice            ######....   100%        9


Dungeon Overview and Level Annotations

Branches:
Dungeon (1/1)

Altars:
Ashenzari
Cheibriados
Dithmenos
Elyvilon
Fedhas
Gozag
Hepliaklqana
Kikubaaqudgha
Makhleb
Nemelex Xobeh
Okawaru
Qazlal
Ru
Sif Muna
Trog
Uskayaw
Vehumet
Wu Jian
Xom
Yredelemnul
Zin
The Shining One
Beogh
Jiyva
Lugonu


Message History

The hellwing completely misses you. x2; The wall freezes the yak!
The yak gores you!
The vampire knight resists.
The wall freezes the vampire knight.
The vampire knight gestures at you while chanting.
You suddenly lose the ability to move!
The wall freezes the yak.
The yak gores you but does no damage.
The wall freezes the yak.
The hellwing hits you.
The hellwing hits you but does no damage.
The wall freezes the yak.
The yak gores you!
The wall freezes the yak.
The yak gores you but does no damage.
The vampire knight resists.
The wall freezes the vampire knight.
The vampire knight hits you with a +0 war axe!
The vampire knight bites you but does no damage.
The wall freezes the yak.
The wall freezes the yak! x2; The hellwing hits you!
* * * LOW HITPOINT WARNING * * *
The hellwing hits you but does no damage.
The wall freezes the yak.
The yak gores you but does no damage.
The vampire knight resists.
The wall freezes the vampire knight.
The vampire knight hits you with a +0 war axe!!
You die...

#####''######
...##''################
...##..#.......†......#
...##..##.....)).......
...##..####...#+######.
...##..#..#####)## f#
...##(.#....##...# ..#
...##).'.....#.4V#YY.#
#####(.'.....'..@YY).+
#####..'.....#..Y#Y..#
..[##..#....##...# ..#
.[[##..#..#####.## .##+##
.).##..####...#'######...##
.))##..##.....[))......#.[#
.))##..#......))......###..#
####################### ####


You could see a vampire knight, a hellwing, a wandering mushroom and 6 yaks.

Vanquished Creatures
  A vampire mage (D)
  An orc high priest (D)
  An unseen horror (D)
  An orc sorcerer (D)
  A rime drake (D)
  2 hornets (D)
  Sigmund (D)
  A shadow (D)
  A ynoxinul (D)
  2 acid dragons (D)
  2 orc warriors (D)
  2 floating eyes (D)
  A black bear (D)
  An eye of draining (D)
  2 ogres (D)
  A wolf (D)
  2 big kobolds (D)
  Blork the orc (D)
  8 wights (D)
  A hound (D)
  An iron imp (D)
  A hell rat (D)
  2 worker ants (D)
  A river rat (D)
  2 adders (D)
  An ufetubus (D)
  2 orcs (D)
  A giant cockroach (D)
  A goblin (D)
  A kobold (D)
  A ball python (D)
  2 bats (D)
  A frilled lizard (D)
  2 rats (D)
52 creatures vanquished.

Notes
Turn   | Place    | Note
-------+----------+-------------------------------------------
     0 | D        | rocky1 the Deep Elf Ice Elementalist began the quest for
                  | the Orb.
     0 | D        | Reached XP level 1. HP: 10/10 MP: 6/6
    19 | D        | Found a bloodstained altar of Trog.
    19 | D        | Found a shimmering blue altar of Sif Muna.
    19 | D        | Found a viscous altar of Jiyva.
    19 | D        | Found a hazy altar of Hepliaklqana.
    19 | D        | Found an opulent altar of Gozag.
    20 | D        | Found a glowing golden altar of the Shining One.
    20 | D        | Found a glowing silver altar of Zin.
    20 | D        | Found a basalt altar of Yredelemnul.
    20 | D        | Found a shimmering altar of Xom.
    20 | D        | Found an ornate altar of the Wu Jian Council.
    20 | D        | Found a sacrificial altar of Ru.
    20 | D        | Found a stormy altar of Qazlal.
    20 | D        | Found an iron altar of Okawaru.
    20 | D        | Found a sparkling altar of Nemelex Xobeh.
    20 | D        | Found a burning altar of Makhleb.
    20 | D        | Found a blossoming altar of Fedhas.
    20 | D        | Found a white marble altar of Elyvilon.
    20 | D        | Found a shadowy altar of Dithmenos.
    20 | D        | Found a snail-covered altar of Cheibriados.
    23 | D        | Found a corrupted altar of Lugonu.
    23 | D        | Found a radiant altar of Vehumet.
    23 | D        | Found a roughly hewn altar of Beogh.
    24 | D        | Found an ancient bone altar of Kikubaaqudgha.
    24 | D        | Found a hide-covered altar of Uskayaw.
    24 | D        | Found a broken altar of Ashenzari.
    25 | D        | Became a worshipper of Sif Muna the Loreminder
   168 | D        | Reached skill level 5 in Ice Magic
   168 | D        | Reached skill level 1 in Invocations
   168 | D        | Reached XP level 2. HP: 15/15 MP: 5/9
   218 | D        | Reached * piety under Sif Muna
   531 | D        | Reached ** piety under Sif Muna
   532 | D        | Reached skill level 5 in Spellcasting
   532 | D        | Reached XP level 3. HP: 19/19 MP: 8/11
   618 | D        | Learned a level 3 spell: Frozen Ramparts
   622 | D        | Learned a level 3 spell: Ozocubu's Armour
   627 | D        | Noticed a black bear
   628 | D        | Noticed Blork the orc
   639 | D        | Reached *** piety under Sif Muna
   640 | D        | Reached skill level 1 in Fighting
   640 | D        | Reached skill level 1 in Staves
   640 | D        | Reached skill level 5 in Dodging
   640 | D        | Reached XP level 4. HP: 23/25 MP: 5/13
   645 | D        | Killed Blork the orc
   646 | D        | Reached XP level 5. HP: 29/31 MP: 6/16
   650 | D        | Reached **** piety under Sif Muna
   660 | D        | Reached skill level 5 in Invocations
   665 | D        | Reached XP level 6. HP: 17/37 MP: 5/18
   670 | D        | Learned a level 4 spell: Hailstorm
  1198 | D        | Reached ***** piety under Sif Muna
  1198 | D        | Received a gift from Sif Muna
  1207 | D        | Learned a level 6 spell: Freezing Cloud
  1222 | D        | Reached skill level 10 in Ice Magic
  1222 | D        | Reached XP level 7. HP: 42/42 MP: 13/20
  1227 | D        | Reached skill level 1 in Air Magic
  1262 | D        | Noticed a rime drake
  1273 | D        | Reached skill level 5 in Staves
  1301 | D        | Killed a rime drake
  1301 | D        | Identified Sif Muna's Guide on Dislocation and Poison (Sif
                  | Muna gifted it to you in the Dungeon)
  1301 | D        | Received a gift from Sif Muna
  1302 | D        | Reached XP level 8. HP: 25/48 MP: 19/23
  1522 | D        | Reached skill level 5 in Conjurations
  1752 | D        | Noticed Sigmund
  1752 | D        | Noticed a hornet
  1758 | D        | Paralysed by a hornet for 3 turns
  1759 | D        | Reached skill level 5 in Fighting
  1762 | D        | Killed Sigmund
  1762 | D        | Killed a hornet
  1762 | D        | Received a gift from Sif Muna
  1763 | D        | Reached skill level 10 in Spellcasting
  1774 | D        | Reached XP level 9. HP: 28/54 MP: 25/25
  2020 | D        | Noticed an orc sorcerer
  2023 | D        | Noticed an ice devil
  2024 | D        | Reached skill level 5 in Air Magic
  2025 | D        | Noticed an orc high priest
  2026 | D        | Identified Sif Muna's Compendium of Hexes and Confrontation
                  | (Sif Muna gifted it to you in the Dungeon)
  2026 | D        | Received a gift from Sif Muna
  2027 | D        | Reached skill level 10 in Dodging
  2027 | D        | Noticed an ice devil
  2028 | D        | Killed an orc sorcerer
  2031 | D        | Killed an orc high priest
  2035 | D        | Killed an unseen horror
  2036 | D        | Reached XP level 10. HP: 48/61 MP: 14/27
  2283 | D        | Noticed a vampire mage
  2289 | D        | Killed a vampire mage
  2298 | D        | Identified Sif Muna's Volume of Snow and Envenoming (Sif
                  | Muna gifted it to you in the Dungeon)
  2298 | D        | Received a gift from Sif Muna
  2409 | D        | Noticed a vampire knight
  2411 | D        | Paralysed by a vampire knight for 3 turns
  2413 | D        | Mangled by a vampire knight

Illustrated notes

Levels and vault maps discovered:
D:        pitsprint [storerooms_1, entrance_room_1, metal_vault_1, armoury_1,
          mini_pit_1, grid_room_1, main_hall_1, silver_pit, the_coven_3,
          the_vestibule_1, steel_vault_3, golden_pit, hallway_of_sentries,
          crystal_vault_2, iron_vault_4, final_vault]

Skill      XL: |  1  2  3  4  5  6  7  8  9 10 |
---------------+-------------------------------+-----
Dodging        | 3 4 5 6 7 8 9 10 11 | 11.2
Spellcasting   | 4 5 6 7 8 9 10 11 12 | 12.1
Ice Magic      | 5 6 7 8 9 10 11 12 | 12.4
Invocations    | 1 2 3 4 5 6 7 8 9 |  9.7
Fighting       | 1 2 3 4 5 6 7 |  7.0
Staves         | 1 3 4 5 6 8 |  8.4
Conjurations   | 2 4 6 7 8 |  8.2
Air Magic      | 3 4 6 7 |  7.1
Stealth        | |  2.4

Action                   |  1- 3 |  4- 6 |  7- 9 | 10-12 || total
-------------------------+-------+-------+-------+-------++-------
Melee: Quarterstaff      |    23 |    26 |    47 |    16 ||   112
 Cast: Freeze            |    11 |       |       |       ||    11
       Frozen Ramparts   |     1 |     4 |     4 |     2 ||    11
       Ozocubu's Armour  |     1 |     2 |     6 |     2 ||    11
       Hailstorm         |       |       |    12 |     4 ||    16
Invok: Channel Magic     |       |       |     2 |     2 ||     4
  Use: Potion            |     3 |     1 |     4 |       ||     8
Armor: Robe              |    10 |     2 |     8 |       ||    20
       Acid dragon scale |       |       |     4 |    12 ||    16
Dodge: Dodged            |    39 |    14 |    27 |    38 ||   118

Table legend: (Time is in decaauts)
 A = Elapsed time spent in this place.
 B = Non-inter-level travel time spent in this place.
 C = Inter-level travel time spent in this place.
 D = Time resting spent in this place.
 E = Time spent auto-exploring this place.
 F = Levels seen in this place.
 G = Mean time per level.
                   A        B        C        D        E       F      G
               +--------+--------+--------+--------+--------+-----+--------+
         Total |   2406 |   2368 |     38 |   1800 |      0 |   1 | 2406.0 |
       Dungeon |   2406 |   2368 |     38 |   1800 |      0 |   1 | 2406.0 |
               +--------+--------+--------+--------+--------+-----+--------+

Top non-repeatable levels by time:
       D: 2406 daAuts
